 Dungeon Crawl Stone Soup version 0.31.0-12-g77e489cdc1 (webtiles) character file.

Game seed: 3683335354752156815

4 Gadfly the Sneak (level 1, -1/9 HPs)
             Began as a Spriggan Enchanter on Feb 18, 2024.
             Frozen to death by an endoplasm (4 damage)
             ... on level 1 of the Dungeon.
             The game lasted 00:00:49 (89 turns).

Gadfly the Sneak (Spriggan Enchanter)                 Turns: 89, Time: 00:00:50

Health: -1/9       AC:  2    Str:  4    XL:     1   Next: 58%
Magic:  5/5        EV: 17    Int: 16    God:
Gold:   0          SH:  0    Dex: 15    Spells: 5/5 levels left

rFire   . . .        a - +1 dagger
rCold   . . .        (no shield)
rNeg    . . .        b - +0 robe
rPois   .            (helmet restricted)
rElec   .            (no cloak)
rCorr   .            (gloves unavailable)
SInv    +            (boots unavailable)
Will    .....        (no amulet)
Stlth   +++          (no ring)
HPRegen 0.21/turn    (no ring)
MPRegen 0.09/turn

%: no passive effects
@: very quick
A: very small, no large weapons, unfitting armour, see invisible, speed 3
a: no special abilities


You were on level 1 of the Dungeon.
You visited 1 branch of the dungeon, and saw 1 of its levels.

Inventory:

Hand Weapons
 a - a +1 dagger (weapon)
Armour
 b - a +0 robe (worn)
Potions
 c - 2 potions of invisibility


   Skills:
 + Level 0.1 Fighting
 + Level 1.2 Short Blades
 + Level 2.7 Dodging
 + Level 4.5 Stealth
 + Level 2.8 Spellcasting
 + Level 3.7 Hexes
 + Level 0.2 Evocations


You had 5 spell levels left.
You didn't know any spells.
Your spell library contained the following spells:

 Spells                   Type           Power      Damage    Failure   Level
 Confusing Touch          Hex            14%        N/A       13%         3
 Tukima's Dance           Hex            14%        N/A       13%         3
 Ensorcelled Hibernation  Hex/Ice        16%        N/A       14%         2
 Dazzling Flash           Conj/Hex       16%        N/A       26%         3
 Static Discharge         Conj/Air       4%         3-4/arc   28%         2
 Airstrike                Air            1%         2d(1-17)  88%         4
 Summon Lightning Spire   Summ/Air       2%         N/A       88%         4


Dungeon Overview and Level Annotations

Branches:
Dungeon (1/15)

Altars:


Innate Abilities, Weirdness & Mutations

You are very small and have problems with some larger weapons.
You are too small for most types of armour.
You have supernaturally acute eyesight. (SInv)
You cover ground extremely quickly. (Speed+++)


Message History

You are too injured to fight recklessly!
You are too injured to fight recklessly!
You are too injured to fight recklessly!
You are too injured to fight recklessly!
You are too injured to fight recklessly!
Unknown command.
The bat closely misses you.
You see here 2 stones.
The bat attacks as it pursues you! The bat completely misses you.
The bat barely misses you.
Found a glowing sapphire ring.
Found a stone staircase leading down.
Found 5 gold pieces.
The bat misses you.
You closely miss the bat. The bat completely misses you.
You hit the bat.
The bat is severely wounded.
The bat barely misses you.
You hit the bat.
You kill the bat!
You start resting.
An endoplasm is nearby!
The endoplasm freezes you.
You are frozen.
You are too injured to fight recklessly!
You are too injured to fight recklessly!
You are too injured to fight recklessly!
You are too injured to fight recklessly!
You are too injured to fight recklessly!
You are too injured to fight recklessly!
You are too injured to fight recklessly!
You are too injured to fight recklessly!
You are too injured to fight recklessly!
You are too injured to fight recklessly!
You are too injured to fight recklessly!
You are too injured to fight recklessly!
You hit the endoplasm.
The endoplasm is moderately wounded.
The endoplasm freezes you.
You are frozen.
You die...

#.....# ......###
#........... #..........
#.........# ..
#.........####.#
#########++###...............
#...#...#..'....###.......J..
#.#.#.#....'.@.####..........
#.#.#.#.#.####J..............
#.#.#.#....#...####..........
#.#.#.####.#..## ##..!#####
#.#........#..# #?...#
#.#.>.######..# #.#..######
#.#........#.J# ##..........
#.##########..#
###...)....... #<.......
#.†###...#(........


You could see an endoplasm.

Vanquished Creatures
  A dart slug (D:1)
  A bat (D:1)
  A kobold (D:1)
3 creatures vanquished.

Notes
Turn   | Place    | Note
-------+----------+-------------------------------------------
     0 | D:1      | Gadfly the Spriggan Enchanter began the quest for the Orb.
     0 | D:1      | Reached XP level 1. HP: 9/9 MP: 5/5
    89 | D:1      | Frozen to death by an endoplasm

Illustrated notes

Levels and vault maps discovered:
D:1:      hellmonk_arrival_library, layout_rooms,
          hellmonk_ecumenical_altar_watching_god, minmay_strange_pillars,
          serial_park_tiny_2, minmay_misc_feat_alley

Action                     || total
---------------------------++-------
  Melee: Dagger            ||    14
         Punch             ||     1
 Armour: Robe              ||     4
  Dodge: Dodged            ||    12
